 Dungeon Crawl Stone Soup version 0.26-a0-778-g3fe0686644 (console) character file.

Game seed: 10205727634479414913

4153 om the Martial Artist (level 10, -7/68 HPs)
             Began as a Gnoll Transmuter on Nov 9, 2020.
             Was a Follower of Hepliaklqana.
             Shot with an arrow by a centaur (10 damage)
             ... on level 8 of the Dungeon.
             The game lasted 00:23:21 (8971 turns).

om the Martial Artist (Gnoll Transmuter)            Turns: 8971, Time: 00:23:21

Health: -7/68      AC:  2    Str: 15    XL:     10   Next: 28%
Magic:  19/20      EV: 27    Int: 16    God:    Hepliaklqana [*.....]
Gold:   247        SH:  0    Dex: 21    Spells: 19/23 levels left

rFire    . . .     SeeInvis .     - Unarmed
rCold    . . .     Faith    .   (shield currently unavailable)
rNeg     . . .     Spirit   .   (armour currently unavailable)
rPois    x         Reflect  .   (helmet currently unavailable)
rElec    .         Harm     .   (cloak currently unavailable)
rCorr    +         Rampage  .   (gloves currently unavailable)
MR       .....                  (boots currently unavailable)
Stlth    +++.......             (no amulet)
HPRegen  0.21/turn              I - ring of resist corrosion
MPRegen  0.17/turn              (no ring)

@: lethally poisoned (-7 -> -24), spider-form (expiring)
A: tiny, distributed training, reduced essence, strong nose
a: End Transformation, Recall Ancestor, Ancestor Identity, Renounce Religion


You were on level 8 of the Dungeon.
You worshipped Hepliaklqana.
Hepliaklqana was aware of your devotion.
You were a venomous arachnid creature.
You visited 1 branch of the dungeon, and saw 8 of its levels.

You collected 247 gold pieces.

Inventory:

Hand Weapons
 c - a +0 club
 g - a +0 short sword
 p - a +2 dagger of speed (melded)
Armour
 a - a +0 robe
 j - a +0 helmet (melded)
 q - a +0 ring mail
 y - a +3 ring mail (melded)
Jewellery
 b - an uncursed ring of stealth
 d - an uncursed amulet of reflection
 o - a +4 ring of evasion
 r - an uncursed ring of ice
 I - a ring of resist corrosion (left front leg)
 J - an uncursed amulet of magic regeneration {unknown}
Wands
 m - a wand of paralysis (12)
 u - a wand of flame (8)
 C - a wand of polymorph (9)
Scrolls
 h - 4 scrolls of remove curse
 l - 4 scrolls of teleportation
 s - 2 scrolls of noise {unknown}
 x - a scroll of fear {unknown}
 A - 2 scrolls of random uselessness
 B - 2 scrolls of enchant armour {unknown}
 D - a scroll of magic mapping {unknown}
 E - a scroll of blinking {unknown}
 H - a scroll of summoning {unknown}
Potions
 e - 3 potions of flight
 f - 3 potions of haste
 k - a potion of resistance
 n - a potion of ambrosia {unknown}
 t - 4 potions of attraction
 v - 4 potions of curing {unknown}
 w - a potion of mutation {unknown}
 z - 2 potions of lignification {unknown}
 F - 2 potions of cancellation
 G - 3 potions of brilliance {unknown}


   Skills:
 + Level 5.8 Fighting
 + Level 5.1 Short Blades
 + Level 5.1 Long Blades
 + Level 5.1 Axes
 + Level 5.1 Maces & Flails
 + Level 5.1 Polearms
 + Level 5.1 Staves
 + Level 5.1 Slings
 + Level 5.1 Bows
 + Level 5.1 Crossbows
 + Level 5.1 Throwing
 + Level 5.1 Armour
 + Level 6.9 Dodging
 + Level 5.1 Stealth
 + Level 5.1 Shields
 + Level 8.4 Unarmed Combat
 + Level 7.2 Spellcasting
 + Level 4.2 Conjurations
 + Level 4.2 Hexes
 + Level 4.2 Summonings
 + Level 4.2 Necromancy
 + Level 4.2 Translocations
 + Level 5.7 Transmutations
 + Level 4.2 Fire Magic
 + Level 4.2 Ice Magic
 + Level 4.2 Air Magic
 + Level 4.2 Earth Magic
 + Level 4.2 Poison Magic
 + Level 5.6 Invocations
 + Level 5.1 Evocations


You had 19 spell levels left.
You knew the following spells:

 Your Spells              Type           Power        Failure   Level
a - Beastly Appendage     Tmut           ###...       5%          1
b - Spider Form           Tmut/Pois      ###.......   14%         3

Your spell library contained the following spells:

 Spells                   Type           Power        Failure   Level
 Wereblood                Tmut           ###.....     7%          2
 Magic Dart               Conj           ###.         9%          1
 Searing Ray              Conj           ###...       11%         2
 Dazzling Flash           Conj/Hex       ###...       17%         3
 Ice Form                 Ice/Tmut       ###.....     34%         4
 Fulminant Prism          Conj/Hex       ###.......   43%         4
 Iskenderun's Mystic Bla  Conj/Tloc      ###.....     43%         4
 Blade Hands              Tmut           ###.......   52%         5


Dungeon Overview and Level Annotations

Branches:
Dungeon (9/15)               Lair (0/6) D:8
 Temple: D:4-7          Orc: D:9-12

Altars:
Hepliaklqana
Sif Muna
Wu Jian
Xom
Zin
The Shining One

Shops:
D:7 [

Annotations:
D:3 2 runed translucent doors, pigah's ghost, amateur DrWn


Innate Abilities, Weirdness & Mutations

Your experience applies equally to all skills.
((You have very sharp teeth.))
Your uncanny sense of smell can sniff out nearby items.
Your life essence is reduced to manifest your ancestor. (-10% HP)


Message History

You climb upwards.
Your transformation is almost over.
You feel sick.
The centaur shoots an arrow.
The arrow completely misses you.
The arrow hits the phantom!
There is a stone staircase leading down here.
Casting: Spider Form (dangerous; 14% risk of failure)
Confirm with . or Enter, or press ? or * to list all spells.
You don't know that spell.
You feel much better.
You feel sick.
The centaur shoots an arrow.
The arrow barely misses you.
The arrow hits the phantom!
The scorpion stings you.
You are more poisoned.
The scorpion poisons you! The phantom completely misses you.
You barely miss the phantom.
The phantom is severely damaged.
You feel sick.
The centaur shoots an arrow.
The arrow hits you!
* * * LOW HITPOINT WARNING * * *
The scorpion closely misses you.
The phantom blinks!
The centaur shoots an arrow.
The arrow hits you!
* * * LOW HITPOINT WARNING * * *
* * * LOW HITPOINT WARNING * * *
You feel sick.
The centaur shoots an arrow.
The arrow hits you!
You die...

#.# #.# #.# #.# #.#
#.# #.# #.#
#.###########(##
≈###((...c..(.(c.W#
≈≈((############(.#
≈≈≈.# #..# ≈≈≈..#
#.s# ≈≈≈..# ###
#>.# ≈≈≈... ..#
#s§# ≈≈≈.### #.#
#..#
≈#########.#####..#
# #..............#
####>......#####.##
...#.#####.####...#
...#.# #.......##
#....# #.####..#
#..#######.# ##.#∆
∆ #........... #.#
..########## #..


You could see a phantom, a centaur and a scorpion.

Vanquished Creatures
  A two-headed ogre (D:8)
  A komodo dragon (D:8)
  A wyvern (D:8)
  3 basilisks (D:8)
  A steam dragon (D:8)
  3 ice beasts
  An orc warrior (D:8)
  7 ogres
  2 centaurs (D:7)
  4 bullfrogs
  A water moccasin zombie (D:8)
  A scorpion (D:9)
  A water moccasin skeleton (D:8)
  A centaur zombie (D:8)
  6 hounds
  2 orc priests (D:8)
  3 iguanas
  2 orc wizards
  Natasha (thrice) (D:3)
  5 worker ants
  A hound skeleton (D:7)
  A howler monkey zombie (D:8)
  5 adders
  2 shadow imps
  2 white imps (D:8)
  3 ufetubi
  2 oozes
  A worm (D:2)
  13 orcs
  8 bats
  5 giant cockroaches
  7 hobgoblins
  8 jackals
  3 quokkas
  A ball python (D:2)
  3 frilled lizards
  5 goblins
  12 kobolds
  A quokka skeleton (D:8)
  10 rats
142 creatures vanquished.

Vanquished Creatures (collateral kills)
  A wyvern (D:8)
  A black bear (D:8)
  A water moccasin zombie (D:8)
  An adder (D:8)
  An orc (D:8)
  A frilled lizard (D:4)
6 creatures vanquished.

Vanquished Creatures (others)
  2 ancestors (D:8)
2 creatures vanquished.

Grand Total: 150 creatures vanquished

Notes
Turn   | Place    | Note
-------+----------+-------------------------------------------
     0 | D:1      | om the Gnoll Transmuter began the quest for the Orb.
     0 | D:1      | Reached XP level 1. HP: 17/17 MP: 6/6
   417 | D:1      | Reached XP level 2. HP: 16/23 MP: 7/7
  1547 | D:2      | Reached skill level 5 in Spellcasting
  1547 | D:2      | Reached XP level 3. HP: 25/28 MP: 6/9
  1636 | D:1      | Learned a level 3 spell: Spider Form
  1750 | D:2      | Reached skill level 1 in Invocations
  1853 | D:2      | Reached skill level 1 in Short Blades
  1853 | D:2      | Reached skill level 1 in Long Blades
  1853 | D:2      | Reached skill level 1 in Axes
  1853 | D:2      | Reached skill level 1 in Maces & Flails
  1853 | D:2      | Reached skill level 1 in Polearms
  1853 | D:2      | Reached skill level 1 in Staves
  1853 | D:2      | Reached skill level 1 in Slings
  1853 | D:2      | Reached skill level 1 in Bows
  1853 | D:2      | Reached skill level 1 in Crossbows
  1853 | D:2      | Reached skill level 1 in Throwing
  1853 | D:2      | Reached skill level 1 in Armour
  1853 | D:2      | Reached skill level 1 in Stealth
  1853 | D:2      | Reached skill level 1 in Shields
  1853 | D:2      | Reached skill level 1 in Evocations
  2194 | D:2      | Reached XP level 4. HP: 21/34 MP: 9/11
  2709 | D:2      | Found a hazy altar of Hepliaklqana.
  2710 | D:2      | Found a shimmering altar of Xom.
  2711 | D:2      | Noticed a spectral ugly thing
  2863 | D:3      | Noticed Natasha
  2865 | D:3      | Found an ornate altar of the Wu Jian Council.
  2871 | D:3      | Killed Natasha
  2871 | D:3      | Reached skill level 1 in Conjurations
  2871 | D:3      | Reached skill level 1 in Hexes
  2871 | D:3      | Reached skill level 1 in Summonings
  2871 | D:3      | Reached skill level 1 in Necromancy
  2871 | D:3      | Reached skill level 1 in Translocations
  2871 | D:3      | Reached skill level 1 in Fire Magic
  2871 | D:3      | Reached skill level 1 in Ice Magic
  2871 | D:3      | Reached skill level 1 in Air Magic
  2871 | D:3      | Reached skill level 1 in Earth Magic
  2871 | D:3      | Reached skill level 1 in Poison Magic
  3009 | D:3      | Noticed Natasha
  3021 | D:3      | Killed Natasha
  3021 | D:3      | Reached XP level 5. HP: 19/40 MP: 12/12
  3210 | D:3      | Noticed Natasha
  3217 | D:3      | Killed Natasha
  3259 | D:3      | Found a large runed translucent door.
  3259 | D:3      | Found a large runed translucent door.
  3259 | D:3      | Noticed pigah's ghost (amateur DrWn)
  3489 | D:3      | Found a glowing golden altar of the Shining One.
  4123 | D:4      | Noticed an ogre
  4123 | D:4      | Noticed an ogre
  4132 | D:3      | Killed an ogre
  4132 | D:3      | Reached XP level 6. HP: 47/47 MP: 13/13
  4193 | D:2      | Became a worshipper of Hepliaklqana the Forgotten
  4256 | D:4      | Reached skill level 5 in Dodging
  4363 | D:4      | Reached XP level 7. HP: 35/46 MP: 15/15
  4481 | D:4      | Reached skill level 7 in Unarmed Combat
  4994 | D:4      | Reached * piety under Hepliaklqana
  5026 | D:4      | Found a glowing silver altar of Zin.
  5105 | D:5      | Entered Level 5 of the Dungeon
  5140 | D:5      | You fall into a shaft and drop 3 floors!
  5431 | D:8      | Reached XP level 8. HP: 27/54 MP: 16/16
  5696 | D:7      | Found a shimmering blue altar of Sif Muna.
  6009 | D:7      | Found Akhomn Nanebb's Armour Shop.
  6406 | D:7      | Reached skill level 5 in Transmutations
  6406 | D:7      | Reached XP level 9. HP: 50/59 MP: 14/18
  7063 | D:8      | Reached skill level 5 in Fighting
  7336 | D:8      | Noticed a two-headed ogre
  7357 | D:8      | HP: 2/61 [two-headed ogre/+0 giant club (21)]
  7358 | D:8      | Killed a two-headed ogre
  7358 | D:8      | Reached skill level 8 in Unarmed Combat
  7358 | D:8      | Reached skill level 5 in Invocations
  8268 | D:8      | Reached XP level 10. HP: 66/66 MP: 17/20
  8282 | D:8      | Reached skill level 5 in Short Blades
  8282 | D:8      | Reached skill level 5 in Long Blades
  8282 | D:8      | Reached skill level 5 in Axes
  8282 | D:8      | Reached skill level 5 in Maces & Flails
  8282 | D:8      | Reached skill level 5 in Polearms
  8282 | D:8      | Reached skill level 5 in Staves
  8282 | D:8      | Reached skill level 5 in Slings
  8282 | D:8      | Reached skill level 5 in Bows
  8282 | D:8      | Reached skill level 5 in Crossbows
  8282 | D:8      | Reached skill level 5 in Throwing
  8282 | D:8      | Reached skill level 5 in Armour
  8282 | D:8      | Reached skill level 5 in Stealth
  8282 | D:8      | Reached skill level 5 in Shields
  8282 | D:8      | Reached skill level 5 in Evocations
  8409 | D:8      | Found a staircase to the Lair.
  8930 | D:8      | Found an ornate altar of the Wu Jian Council.
  8971 | D:8      | HP: 3/68 [poisoned by a scorpion]
  8971 | D:8      | Shot with an arrow by a centaur

Illustrated notes

Levels and vault maps discovered:
D:1:      lightli_arrival_flooded_house, layout_loops_corners
D:2:      layout_basic, regret_index_temple_of_mockery
D:3:      layout_basic, lemuel_round_altar, lemuel_doored_altar,
          ebering_ghost_disaster_area, hangedman_decor_peaks_small, uniq_natasha
D:4:      layout_loops_ring, lemuel_statue_altar
D:5:      minmay_angry_zag, layout_basic, eat_drink_and_be_merry_uskayaw,
          grunt_dithmenos_shadows, kennysheep_little_box,
          minmay_temple_entry_large_hall, serial_corexii_hall,
          chequers_hall_statues_corner_a, chequers_hall_statues_corner_a,
          grunt_ministairs_3
D:7:      minmay_bubble_buster, layout_basic, basic_altar, serial_shops, shop,
          minmay_crossroads
D:8:      layout_loops_ring, erik_lair_dragon, special_room [special_room_orc],
          hangedman_abyss_or_decor_stagger, lemuel_centaur_altar
D:9:      layout_cave_pools

Skill      XL: |  1  2  3  4  5  6  7  8  9 10 |
---------------+-------------------------------+-----
Spellcasting   | 5 6 7 |  7.2
Invocations    | 1 2 3 4 5 |  5.6
Short Blades   | 1 2 3 4 5 |  5.1
Long Blades    | 1 2 3 4 5 |  5.1
Axes           | 1 2 3 4 5 |  5.1
Maces & Flails | 1 2 3 4 5 |  5.1
Polearms       | 1 2 3 4 5 |  5.1
Staves         | 1 2 3 4 5 |  5.1
Slings         | 1 2 3 4 5 |  5.1
Bows           | 1 2 3 4 5 |  5.1
Crossbows      | 1 2 3 4 5 |  5.1
Throwing       | 1 2 3 4 5 |  5.1
Armour         | 1 2 3 4 5 |  5.1
Stealth        | 1 2 3 4 5 |  5.1
Shields        | 1 2 3 4 5 |  5.1
Evocations     | 1 2 3 4 5 |  5.1
Conjurations   | 1 2 3 4 |  4.2
Hexes          | 1 2 3 4 |  4.2
Summonings     | 1 2 3 4 |  4.2
Necromancy     | 1 2 3 4 |  4.2
Translocations | 1 2 3 4 |  4.2
Fire Magic     | 1 2 3 4 |  4.2
Ice Magic      | 1 2 3 4 |  4.2
Air Magic      | 1 2 3 4 |  4.2
Earth Magic    | 1 2 3 4 |  4.2
Poison Magic   | 1 2 3 4 |  4.2
Fighting       | 3 4 5 |  5.8
Transmutations | 4 5 |  5.7
Dodging        | 5 6 |  6.9
Unarmed Combat | 7 8 |  8.4

Action                   |  1- 3 |  4- 6 |  7- 9 | 10-12 || total
-------------------------+-------+-------+-------+-------++-------
Melee: Club              |    29 |       |       |       ||    29
       Unarmed           |     3 |       |    62 |    32 ||    97
       Bite              |    11 |    14 |    26 |       ||    51
       Headbutt          |     5 |    11 |    43 |       ||    59
       Short sword       |    89 |       |       |       ||    89
       Kick              |    11 |    12 |    64 |       ||    87
       Punch             |     6 |     6 |    16 |       ||    28
       Dagger            |     6 |   119 |   282 |       ||   407
 Cast: Beastly Appendage |    15 |    17 |    28 |       ||    60
       Spider Form       |       |       |     7 |     4 ||    11
Invok: Recall Ancestor   |       |       |     2 |       ||     2
Evoke: Wand              |       |     1 |       |       ||     1
  Use: Scroll            |       |     4 |     5 |       ||     9
       Potion            |       |       |     1 |     1 ||     2
 Stab: Paralysed         |       |     2 |       |       ||     2
       Distracted        |       |       |     3 |     1 ||     4
Armor: Robe              |    23 |       |       |       ||    23
       Ring mail         |       |     6 |    44 |       ||    50
       Skin              |       |       |     3 |     2 ||     5
Dodge: Dodged            |   107 |    77 |   206 |    51 ||   441

Table legend: (Time is in decaauts)
 A = Elapsed time spent in this place.
 B = Non-inter-level travel time spent in this place.
 C = Inter-level travel time spent in this place.
 D = Time resting spent in this place.
 E = Time spent auto-exploring this place.
 F = Levels seen in this place.
 G = Mean time per level.
                   A        B        C        D        E       F      G
               +--------+--------+--------+--------+--------+-----+--------+
         Total |   8804 |   8578 |    226 |   2729 |   4366 |   8 | 1100.5 |
       Dungeon |   8804 |   8578 |    226 |   2729 |   4366 |   8 | 1100.5 |
               +--------+--------+--------+--------+--------+-----+--------+

Top non-repeatable levels by time:
     D:8: 2184 daAuts
     D:1: 1622 daAuts
     D:7: 1517 daAuts
     D:3: 1370 daAuts
     D:2: 1234 daAuts
     D:4: 827 daAuts
     D:5: 33 daAuts
     D:9: 14 daAuts
